 Dungeon Crawl Stone Soup version 0.31.0-12-g77e489cdc1 (webtiles) character file.

Game seed: 11946392497191513235

167 Shavain the Shield-Bearer (level 5, -5/47 HPs)
             Began as a Minotaur Fighter on Feb 26, 2024.
             Slain by Sigmund
             ... wielding a +6 heavy scythe
              (20 damage)
             ... on level 4 of the Dungeon.
             The game lasted 00:05:16 (1929 turns).

Shavain the Shield-Bearer (Minotaur Fighter)        Turns: 1929, Time: 00:05:16

Health: -5/47      AC:  8    Str: 20    XL:     5   Next: 23%
Magic:  4/4        EV:  9    Int:  5    God:
Gold:   135        SH:  5    Dex: 12    Spells: 4/4 levels left

rFire   . . .        a - +0 war axe
rCold   . . .        c - +0 buckler
rNeg    . . .        b - +0 scale mail
rPois   .            (helmet restricted)
rElec   .            (no cloak)
rCorr   .            (no gloves)
SInv    .            p - +0 pair of boots
Will    .....        (no amulet) Stlth
                     (no ring)
HPRegen 0.27/turn    (no ring)
MPRegen 0.09/turn

%: no passive effects
@: no status effects
A: horns 2, retaliatory headbutt, high MP 1, MP-powered wands
a: no special abilities


You were on level 4 of the Dungeon.
You visited 1 branch of the dungeon, and saw 4 of its levels.

You collected 135 gold pieces.

Inventory:

Hand Weapons
 a - a +0 war axe (weapon)
 r - a +1 mace of protection
Armour
 b - a +0 scale mail (worn)
 c - a +0 buckler (worn)
 p - a +0 pair of boots (worn)
 v - a +0 kite shield
Wands
 q - a wand of flame (22)
Scrolls
 f - a scroll of enchant armour
 g - a scroll of vulnerability
 h - a scroll of immolation
 m - a scroll of enchant weapon {unknown}
 n - a scroll of torment {unknown}
 t - a scroll of revelation {unknown}
 u - a scroll of teleportation {unknown}
Potions
 d - a potion of might
 j - a potion of berserk rage
 k - 2 potions of curing {@q1}
 l - a potion of lignification
 o - a potion of attraction
 s - a potion of heal wounds


   Skills:
 + Level 4.5 Fighting
 * Level 4.5 Axes
 + Level 4.5 Armour
 + Level 0.1 Dodging
 + Level 4.5 Shields


You had 4 spell levels left.
You didn't know any spells.
Your spell library contained the following spells:

 Spells                   Type           Power      Damage    Failure   Level
 Apportation              Tloc           0%         N/A       87%         1
 Jinxbite                 Hex            0%         N/A       95%         2
 Vhi's Electric Charge    Tloc/Air       0%         N/A       100%        4
 Alistair's Intoxication  Alch           0%         N/A       100%        5
 Arcjolt                  Conj/Air       0%         1d10      100%        5
 Maxwell's Capacitive Co  Air            0%         ∞         100%        8


Dungeon Overview and Level Annotations

Branches:
Dungeon (4/15)
 Temple: D:4-7

Altars:

Annotations:
D:4 Sigmund


Innate Abilities, Weirdness & Mutations

You have a pair of horns on your head.
You reflexively headbutt those who attack you in melee.
You have an increased reservoir of magic. (+10% MP)
You expend magic power (3 MP) to strengthen your wands.


Message History

As you read the scroll of identify {@r1}, it crumbles to dust.
f - a scroll of enchant armour
As you read the scroll of identify {@r1}, it crumbles to dust.
g - a scroll of vulnerability
As you read the scroll of identify {@r1}, it crumbles to dust.
h - a scroll of immolation
Okay, then.
You feel extremely strange.
You feel your magical essence link to the dungeon's wands.
You feel more energetic.
You climb downwards.
You hear the sound of rushing water.
There is an entrance to a sewer on this level.
Hurry and find it before the portal rusts away!
You hear the slow rusting of a very distant drain.
There is a stone staircase leading up here.
A kobold comes into view. It is wielding a +0 short sword.
The kobold shouts!
You hear a shout!
A kobold comes into view. It is wielding a +0 whip.
Sigmund the Dreaded comes into view.
He is wielding a +6 heavy scythe.
The kobold shouts!
The kobold misses you.
Sigmund mumbles some strange words.
Sigmund flickers and vanishes!
Deactivating autopickup; reactivate with Ctrl-A.
You slash the kobold!
You kill the kobold!
You completely miss the kobold. Your headbutt misses the kobold.
The kobold barely misses you.
You slash the kobold!
You kill the kobold!
Something hits you.
A jelly comes into view.
The jelly quivers.
Things that are here:
a +0 whip; a +0 short sword; a kobold corpse You slash something!
You headbutt something! Something hits you!
You hit something but do no damage. You miss something. Something hits you!
You miss something. Something hits you!!
You die...

... .. #.##
#..# #<## .
##.## ...
#..### #....
#....###......
#.....@{J.#
###########


You could see a jelly.

Vanquished Creatures
  Jessica (D:2)
  Robin (D:2)
  7 adders
  3 dart slugs
  A ribbon worm (D:2)
  3 endoplasms
  3 giant cockroaches
  9 goblins
  4 hobgoblins
  8 jackals (D:3)
  5 ball pythons
  2 bats (D:3)
  4 frilled lizards
  5 kobolds
  5 rats
61 creatures vanquished.

Notes
Turn   | Place    | Note
-------+----------+-------------------------------------------
     0 | D:1      | Shavain the Minotaur Fighter began the quest for the Orb.
     0 | D:1      | Reached XP level 1. HP: 19/19 MP: 0/0
   531 | D:1      | Reached XP level 2. HP: 27/27 MP: 1/1
   809 | D:2      | Reached XP level 3. HP: 33/33 MP: 2/2
   875 | D:2      | Noticed Jessica
   879 | D:2      | Killed Jessica
   883 | D:2      | Reached XP level 4. HP: 40/40 MP: 3/3
  1094 | D:2      | Noticed Robin
  1110 | D:2      | Killed Robin
  1477 | D:3      | Reached XP level 5. HP: 47/47 MP: 4/4
  1850 | D:4      | Noticed a phantom
  1850 | D:4      | Noticed an ogre
  1914 | D:3      | Gained mutation: You expend magic power (3 MP) to
                  | strengthen your wands. [potion of mutation]
  1914 | D:3      | Gained mutation: You have an increased reservoir of magic.
                  | (+10% MP) [potion of mutation]
  1920 | D:4      | Noticed Sigmund
  1929 | D:4      | Slain by Sigmund

Illustrated notes

Levels and vault maps discovered:
D:1:      scummos_arrival_star, layout_loops_corners
D:2:      layout_loops_ring, uniq_jessica, uniq_robin
D:3:      layout_rooms
D:4:      layout_rooms, kennysheep_orc_sif_temple,
          minmay_temple_entry_offerings, portal_sewer_entry_e, serial_undead,
          serial_undead_a, serial_undead_f, serial_undead_b, serial_undead_b,
          uniq_sigmund

Skill      XL: |  1  2  3  4 |
---------------+-------------+-----
Axes           | 3 4 |  4.5
Fighting       | 4 |  4.5
Armour         | 4 |  4.5
Shields        | 4 |  4.5
Dodging        | |  0.1

Action                     |  1- 3 |  4- 6 || total
---------------------------+-------+-------++-------
  Melee: War axe           |    56 |    75 ||   131
         Headbutt          |     5 |     9 ||    14
    Use: Scroll            |       |     9 ||     9
         Potion            |       |     1 ||     1
   Stab: Distracted        |       |     1 ||     1
 Armour: Scale mail        |    33 |    56 ||    89
  Dodge: Dodged            |    19 |    40 ||    59
  Block: Buckler           |    18 |    16 ||    34
